[Event "69th RUS-ch Women Superfinal 2019"]
[Site "Izhevsk"]
[Date "2019.08.17"]
[Round "7.3"]
[White "Gunina, Valentina"]
[Black "Charochkina, Daria"]
[Result "1-0"]
[ECO "D45"]
[WhiteElo "2497"]
[BlackElo "2338"]
[Annotator "ChessBase"]
[PlyCount "171"]
[EventDate "2019.08.10"]
[EventType "tourn"]
[EventCountry "RUS"]
[SourceTitle "playchess.com"]
[Source "ChessBase"]
[SourceQuality "1"]
[TimeControl "40/5400+30:1800+30"]

1. d4 d5 2. c4 c6 3. Nc3 Nf6 4. e3 e6 5. Nf3 Nbd7 6. Qc2 Bd6 7. g4 dxc4 8. g5 Nd5 9. Bxc4 e5 10. Bd2 exd4 11. Qe4+ Ne7 12. Qxd4 Nf5 13. Qe4+ Ne7 14. Qc2 Nb6 15. Be2 Bf5 16. e4 Bg4 17. O-O-O Nc4 18. e5 Nxe5 19. Nxe5 Bxe2 20. Nxe2 Bxe5 21. f4 Bd6 22. Bc3 O-O 23. Ng3 Bxf4+ 24. Kb1 Nd5 25. Bxg7 Re8 26. Nh5 Qxg5 27. Rhg1 Qxh5 28. Rxd5 Qg6 29. Rxg6 hxg6 30. Rd7 Kxg7 31. a3 Be5 32. Qf2 Bf6 33. Rxb7 Re7 34. Rxe7 Bxe7 35. Qf3 Rh8 36. Qxc6 Rxh2 37. Qc7 Rh1+ 38. Kc2 Bf6 39. b4 Bd4 40. Qf4 Bb6 41. a4 Rh5 42. Qg3 Rf5 43. Qc3+ Kh7 44. a5 Bf2 45. Kd1 Kg8 46. Ke2 Bg1 47. Qg3 Bd4 48. Qh4 Bf6 49. Qc4 Kg7 50. Kd3 Re5 51. Qc6 Re6 52. Qb7 a6 53. Kc4 Bg5 54. Qd5 Be3 55. Kd3 Ba7 56. Qb7 Bf2 57. Qc7 Bg1 58. Qg3 Ba7 59. Qg2 Rd6+ 60. Kc4 Re6 61. Qb2+ Kg8 62. Qh2 Kg7 63. Qg2 Be3 64. b5 axb5+ 65. Kxb5 Bd4 66. Kc4 Be3 67. Kd3 Ba7 68. Qb7 Bg1 69. Qb8 Bc5 70. Qc7 Bg1 71. Qc3+ Kg8 72. Qa1 Ba7 73. Qc1 Kg7 74. Qc7 Bg1 75. Qb7 Rd6+ 76. Ke2 Re6+ 77. Kf3 Bd4 78. Qc7 Bg1 79. Qc3+ Kg8 80. Qc4 Ba7 81. Qc7 Bg1 82. a6 Bb6 83. Qb7 Kg7 84. Kf4 Be3+ 85. Kg4 Re4+ 86. Qxe4 1-0

[Event "69th RUS-ch Women Superfinal 2019"]
[Site "Izhevsk"]
[Date "2019.08.17"]
[Round "7.5"]
[White "Tomilova, Elena"]
[Black "Potapova, Margarita"]
[Result "1/2-1/2"]
[ECO "A05"]
[WhiteElo "2281"]
[BlackElo "2292"]
[Annotator "NA"]
[PlyCount "104"]
[EventDate "2019.08.10"]
[EventType "tourn"]
[EventCountry "RUS"]
[SourceTitle "playchess.com"]
[Source "ChessBase"]
[SourceQuality "1"]
[TimeControl "40/5400+30:1800+30"]

1. Nf3 Nf6 2. c4 e6 3. e3 d5 4. b3 Be7 5. Bb2 O-O 6. Nc3 b6 7. Be2 Bb7 8. O-O c5 9. cxd5 Nxd5 10. d4 Nxc3 11. Bxc3 Nd7 12. Qc2 Rc8 13. Qb2 Bf6 14. Rfd1 Qe7 15. b4 cxd4 16. Nxd4 Rfd8 17. Rac1 a6 18. b5 axb5 $11 19. Bxb5 Nc5 20. f3 Bg5 21. Qe2 e5 22. Nf5 Qe6 23. Ng3 Qh6 24. Nf1 Qe6 25. Bb4 Rxd1 26. Rxd1 Bd5 27. a3 Bc6 28. Bc4 Qe8 29. Ng3 g6 30. Bxc5 bxc5 31. Ne4 Bxe4 32. fxe4 Kg7 33. Bb5 Qf8 34. Rf1 Rc7 35. a4 c4 36. Bxc4 Qc5 37. Bd5 Qxe3+ 38. Qxe3 Bxe3+ 39. Kh1 Ra7 40. Bc6 Rc7 41. Bb5 Bd2 42. g3 Ba5 43. Kg2 Rc2+ 44. Rf2 Rc1 45. g4 f6 46. h4 Bb6 47. Ra2 Rg1+ 48. Kf3 Ba5 49. Be2 Rh1 50. Kg3 Rg1+ 51. Kf3 Rh1 52. Kg3 Rg1+ 1/2-1/2

[Event "69th RUS-ch Women Superfinal 2019"]
[Site "Izhevsk"]
[Date "2019.08.17"]
[Round "7.6"]
[White "Goryachkina, Aleksandra"]
[Black "Bodnaruk, Anastasia"]
[Result "1/2-1/2"]
[ECO "E81"]
[WhiteElo "2564"]
[BlackElo "2440"]
[Annotator "ChessBase"]
[PlyCount "129"]
[EventDate "2019.08.10"]
[EventType "tourn"]
[EventCountry "RUS"]
[SourceTitle "playchess.com"]
[Source "ChessBase"]
[SourceQuality "1"]
[TimeControl "40/5400+30:1800+30"]

1. d4 Nf6 2. c4 g6 3. Nc3 Bg7 4. e4 d6 5. f3 O-O 6. Be3 c5 7. Nge2 Nc6 8. d5 Ne5 9. Ng3 e6 10. Be2 exd5 11. cxd5 a6 12. a4 Bd7 13. O-O b5 14. h3 Rb8 15. axb5 axb5 16. f4 Nc4 17. Bxc4 bxc4 18. e5 Ne8 19. Qe2 dxe5 20. Bxc5 exf4 21. Bxf8 Bxf8 22. Rxf4 Bc5+ 23. Kf1 f5 24. Rxc4 Bd6 25. Nh1 Nf6 26. Nf2 Nh5 27. Kg1 Qg5 28. Qf3 Re8 29. Rc6 Bxc6 30. dxc6 Nf4 31. Nd3 Re3 32. Ra8+ Kg7 33. Ra7+ Kh6 34. h4 Qg4 35. Qxg4 fxg4 36. Nxf4 Bc5 37. Ra5 Rxc3+ 38. Kh2 Rc1 39. Kg3 Bd6 40. Kxg4 Rxc6 41. Rb5 Bxf4 42. Kxf4 Rc4+ 43. Kg3 Kg7 44. Rb3 h5 45. Rc3 Rb4 46. b3 Kh6 47. Kh3 Rd4 48. Rf3 Re4 49. Rd3 Rf4 50. g3 Rf2 51. Rd7 Rb2 52. Rb7 Rc2 53. b4 Rb2 54. b5 Rc2 55. Rb6 Rb2 56. Rb8 Rc2 57. b6 Rb2 58. Rb7 g5 59. hxg5+ Kxg5 60. Rb8 Kg6 61. b7 Kg7 62. Kh4 Rb5 63. g4 hxg4 64. Kxg4 Rb1 65. Kf4 1/2-1/2

[Event "69th RUS-ch Women Superfinal 2019"]
[Site "Izhevsk"]
[Date "2019.08.19"]
[Round "8.1"]
[White "Kashlinskaya, Alina"]
[Black "Bodnaruk, Anastasia"]
[Result "1-0"]
[ECO "E97"]
[WhiteElo "2492"]
[BlackElo "2440"]
[Annotator "ChessBase"]
[PlyCount "165"]
[EventDate "2019.08.10"]
[EventType "tourn"]
[EventCountry "RUS"]
[SourceTitle "playchess.com"]
[Source "ChessBase"]
[SourceQuality "1"]
[TimeControl "40/5400+30:1800+30"]

1. d4 Nf6 2. c4 g6 3. Nc3 Bg7 4. e4 d6 5. Nf3 O-O 6. Be2 e5 7. O-O Nc6 8. dxe5 Nxe5 9. Bf4 Nxf3+ 10. Bxf3 Nd7 11. Qd2 Ne5 12. Be2 Be6 13. b3 Qe7 14. Rad1 Rad8 15. h3 c5 16. Nd5 Bxd5 17. Qxd5 Kh8 18. Bg3 f5 19. exf5 gxf5 20. f4 Nc6 21. Bf3 Bd4+ 22. Kh2 Nb4 23. Qxb7 Rd7 24. Qb5 Nc2 25. Rd2 Ne3 26. Re1 Qg7 27. Bf2 Ng4+ 28. hxg4 Bxf2 29. Rxf2 fxg4 30. Bxg4 Qxg4 31. Qc6 Qh4+ 32. Kg1 Re7 33. Re4 Rg8 34. Rfe2 Rxe4 35. Qxe4 Rf8 36. f5 Qf6 37. Qd5 Qa1+ 38. Kh2 Qf6 39. Re6 Qh4+ 40. Kg1 a5 41. Qxd6 Rd8 42. Qe5+ Kg8 43. Re8+ Rxe8 44. Qxe8+ Kg7 45. Qe5+ Kf7 46. a3 Qg4 47. Qd5+ Kf6 48. Qxc5 Qd1+ 49. Kh2 Qh5+ 50. Kg3 Qg5+ 51. Kf3 Qh5+ 52. Ke3 Qh1 53. Kf2 Qh4+ 54. Kf3 Qh5+ 55. g4 Qh3+ 56. Kf4 Qh2+ 57. Ke4 Qh1+ 58. Kf4 Qh2+ 59. Kf3 Qh3+ 60. Kf2 Qh4+ 61. Kf1 Qh3+ 62. Ke1 Qh1+ 63. Ke2 Qg2+ 64. Qf2 Qxg4+ 65. Qf3 Qd4 66. Qd3 Qb2+ 67. Kf3 Qxa3 68. Kg4 Qa1 69. Qd6+ Kf7 70. Qd7+ Kg8 71. Qe8+ Kg7 72. Qe7+ Kg8 73. c5 Qd4+ 74. Kg5 Qd2+ 75. Kf6 Qh6+ 76. Ke5 Qe3+ 77. Kd6 Qd2+ 78. Kc6 Qg2+ 79. Kb6 Qf3 80. f6 Qxb3+ 81. Ka7 Qf7 82. Qxf7+ Kxf7 83. c6 1-0

[Event "69th RUS-ch Women Superfinal 2019"]
[Site "Izhevsk"]
[Date "2019.08.19"]
[Round "8.2"]
[White "Potapova, Margarita"]
[Black "Goryachkina, Aleksandra"]
[Result "1/2-1/2"]
[ECO "D52"]
[WhiteElo "2292"]
[BlackElo "2564"]
[Annotator "ChessBase"]
[PlyCount "176"]
[EventDate "2019.08.10"]
[EventType "tourn"]
[EventCountry "RUS"]
[SourceTitle "playchess.com"]
[Source "ChessBase"]
[SourceQuality "1"]
[TimeControl "40/5400+30:1800+30"]

1. d4 Nf6 2. c4 e6 3. Nf3 d5 4. Nc3 c6 5. Bg5 Nbd7 6. e3 Qa5 7. Nd2 Bb4 8. Qc2 O-O 9. Be2 e5 10. Nb3 Qc7 11. O-O dxc4 12. Bxc4 Bd6 13. h3 h6 14. Bh4 Nb6 15. Be2 exd4 16. Bxf6 dxc3 17. Bxc3 Bd7 18. Rfd1 Rad8 19. Ba5 Rfe8 20. Rac1 Bc8 21. Nd4 Bf8 22. Bf1 Qe5 23. Bc3 Bd6 24. Nf3 Qe7 25. b3 Nd5 26. Ba1 Ba3 27. Rb1 Qc5 28. Qxc5 Bxc5 29. Bb2 Bf5 30. Rbc1 Bb6 31. Nd4 Be4 32. a3 a5 33. Bc4 Re7 34. Rd2 Red7 35. Rcd1 Nf6 36. b4 a4 37. Kf1 h5 38. h4 Ng4 39. Bc3 Bd5 40. Be2 g6 41. Nf3 f6 42. Ke1 Kf8 43. Bc4 Ke7 44. Bxd5 Rxd5 45. Rxd5 Rxd5 46. Rxd5 cxd5 47. Ke2 Kd6 48. g3 Kc6 49. Nd4+ Bxd4 50. Bxd4 Kb5 51. f3 Nh6 52. Bxf6 Kc4 53. e4 dxe4 54. fxe4 b5 55. Kf3 Kb3 56. e5 Kxa3 57. Kf4 Kxb4 58. Kg5 Ng8 59. e6 a3 60. Ba1 Kc4 61. Kxg6 Ne7+ 62. Kf7 Nd5 63. g4 b4 64. gxh5 b3 65. h6 b2 66. Bxb2 axb2 67. h7 b1=Q 68. h8=Q Qf5+ 69. Kg7 Qf6+ 70. Kh7 Qxh4+ 71. Kg8 Ne7+ 72. Kg7 Nf5+ 73. Kg8 Qe7 74. Qa1 Qxe6+ 75. Kf8 Qe7+ 76. Kg8 Nh6+ 77. Kh8 Nf7+ 78. Kg8 Ne5 79. Qa2+ Kd4 80. Qb2+ Ke4 81. Qc2+ Kf4 82. Qd2+ Kf5 83. Qc2+ Kf6 84. Qf2+ Ke6 85. Qa2+ Kf6 86. Qf2+ Kg6 87. Qg2+ Qg5 88. Qxg5+ Kxg5 1/2-1/2

[Event "69th RUS-ch Women Superfinal 2019"]
[Site "Izhevsk"]
[Date "2019.08.19"]
[Round "8.3"]
[White "Girya, Olga"]
[Black "Tomilova, Elena"]
[Result "1-0"]
[ECO "E47"]
[WhiteElo "2457"]
[BlackElo "2281"]
[Annotator "ChessBase"]
[PlyCount "127"]
[EventDate "2019.08.10"]
[EventType "tourn"]
[EventCountry "RUS"]
[SourceTitle "playchess.com"]
[Source "ChessBase"]
[SourceQuality "1"]
[TimeControl "40/5400+30:1800+30"]

1. d4 Nf6 2. c4 e6 3. Nc3 Bb4 4. e3 O-O 5. Bd3 c5 6. Nge2 d5 7. cxd5 cxd4 8. exd4 Nxd5 9. O-O Nc6 10. Nxd5 exd5 11. Nf4 Ne7 12. Qb3 a5 13. Be3 b6 14. Rac1 Bd6 15. a3 Ba6 16. Bxa6 Rxa6 17. Qb5 Ra7 18. g3 Bb8 19. Rfd1 a4 20. Ne2 Ra5 21. Qd3 Qd7 22. Bd2 Ra8 23. Bb4 Bd6 24. Bxd6 Qxd6 25. Nc3 h5 26. Re1 h4 27. Re5 Ng6 28. Rxd5 Qe7 29. Qe4 Qxe4 30. Nxe4 Rfd8 31. Rxd8+ Rxd8 32. Rc4 b5 33. Rb4 Ne7 34. Kg2 Nc6 35. Rxb5 Rxd4 36. Nc3 hxg3 37. hxg3 f6 38. Kf1 g5 39. Rb6 Ne5 40. Rxf6 Nd3 41. Rg6+ Kf7 42. Rxg5 Nxb2 43. Rb5 Rc4 44. Rxb2 Rxc3 45. Ra2 Kf6 46. Kg2 Kg5 47. Kh3 Rf3 48. Rc2 Rxa3 49. Rc5+ Kf6 50. Kg4 Ra1 51. Ra5 a3 52. Ra6+ Kf7 53. Kf5 Kf8 54. g4 Ke7 55. g5 Rf1 56. f4 Rf3 57. Ra7+ Kf8 58. Ke5 Rb3 59. Kf6 Rb6+ 60. Kf5 Rb3 61. Kg6 Rb6+ 62. Kh5 Rb3 63. f5 Rb5 64. Kg6 1-0

[Event "69th RUS-ch Women Superfinal 2019"]
[Site "Izhevsk"]
[Date "2019.08.20"]
[Round "9.1"]
[White "Pogonina, Natalija"]
[Black "Kashlinskaya, Alina"]
[Result "1/2-1/2"]
[ECO "D70"]
[WhiteElo "2457"]
[BlackElo "2492"]
[Annotator "ChessBase"]
[PlyCount "111"]
[EventDate "2019.08.10"]
[EventType "tourn"]
[EventCountry "RUS"]
[SourceTitle "playchess.com"]
[Source "ChessBase"]
[SourceQuality "1"]
[TimeControl "40/5400+30:1800+30"]

1. d4 Nf6 2. c4 g6 3. Nf3 Bg7 4. e3 O-O 5. Be2 d6 6. O-O Nbd7 7. Nc3 e5 8. Qc2 Re8 9. Rd1 e4 10. Nd2 Qe7 11. b4 Nf8 12. Bb2 h5 13. Nb3 N8h7 14. d5 Ng5 15. c5 Bg4 16. Rac1 Nfh7 17. Bxg4 hxg4 18. Ne2 Bxb2 19. Qxb2 Nf6 20. Ng3 Kg7 21. Qc3 Rh8 22. Nd4 Qe8 23. cxd6 cxd6 24. Qc7 Qe5 25. Qxb7 Rab8 26. Qxa7 Ra8 27. Qc7 Rxa2 28. Ne6+ Nxe6 29. dxe6 Qxe6 30. Rxd6 Qe5 31. Qc5 Re8 32. Rd4 Rb2 33. Qc3 Ra2 34. Rb1 Rd8 35. Qc4 Rxd4 36. Qxa2 Rd3 37. Qc4 Rc3 38. Qe2 Rd3 39. b5 Nd5 40. Qxg4 Nc3 41. Rf1 Qxb5 42. h4 Rd2 43. h5 Ne2+ 44. Nxe2 Qxe2 45. Qxe2 Rxe2 46. hxg6 Kxg6 47. Kh2 Kg5 48. Kg3 f5 49. Rc1 Kh5 50. Rc5 Kg6 51. Rc6+ Kg5 52. Re6 Re1 53. f4+ exf3 54. gxf3 Rxe3 55. Rxe3 f4+ 56. Kf2 1/2-1/2

[Event "69th RUS-ch Women Superfinal 2019"]
[Site "Izhevsk"]
[Date "2019.08.20"]
[Round "9.2"]
[White "Gunina, Valentina"]
[Black "Kosteniuk, Alexandra"]
[Result "1-0"]
[ECO "E20"]
[WhiteElo "2497"]
[BlackElo "2517"]
[Annotator "ChessBase"]
[PlyCount "89"]
[EventDate "2019.08.10"]
[EventType "tourn"]
[EventCountry "RUS"]
[SourceTitle "playchess.com"]
[Source "ChessBase"]
[SourceQuality "1"]
[TimeControl "40/5400+30:1800+30"]

1. d4 Nf6 2. c4 e6 3. Nc3 Bb4 4. f3 c5 5. d5 O-O 6. e4 b5 7. e5 Ne8 8. f4 Bb7 9. Nf3 exd5 10. cxd5 d6 11. Bd3 f5 12. O-O c4 13. Bc2 Bc5+ 14. Kh1 Nc7 15. Ng5 h6 16. Qh5 b4 17. Nce4 fxe4 18. Nxe4 Nxd5 19. Nxc5 dxc5 20. Qg6 Ne7 21. Qh7+ Kf7 22. Bd1 Qd3 23. Bh5+ Ke6 24. Bg4+ Nf5 25. Rd1 Qc2 26. Bd2 Ke7 27. Kg1 Qe4 28. Bh3 c3 29. bxc3 bxc3 30. Be1 c2 31. Bf2 cxd1=Q+ 32. Rxd1 Bd5 33. Bxc5+ Kf7 34. e6+ Bxe6 35. Bg4 Nd6 36. Bh5+ Kf6 37. Bd4+ Ke7 38. Qxg7+ Rf7 39. Bf6+ Kd7 40. Bxf7 Kc6 41. Bxe6 Qxe6 42. Be5 Ne8 43. Rc1+ Kb5 44. Rb1+ Kc5 45. Qb7 {[%emt 0:01:18] Kd5} 1-0

[Event "69th RUS-ch Women Superfinal 2019"]
[Site "Izhevsk"]
[Date "2019.08.20"]
[Round "9.3"]
[White "Shafigullina, Zarina"]
[Black "Shuvalova, Polina"]
[Result "0-1"]
[ECO "A04"]
[WhiteElo "2246"]
[BlackElo "2418"]
[Annotator "ChessBase"]
[PlyCount "56"]
[EventDate "2019.08.10"]
[EventType "tourn"]
[EventCountry "RUS"]
[SourceTitle "playchess.com"]
[Source "ChessBase"]
[SourceQuality "1"]
[TimeControl "40/5400+30:1800+30"]

1. Nf3 c5 2. g3 Nc6 3. Bg2 g6 4. d4 cxd4 5. Nxd4 Bg7 6. Nb3 Nf6 7. e4 d6 8. O-O h5 9. Nc3 h4 10. Nd5 hxg3 11. hxg3 Bh3 12. Bxh3 Rxh3 13. Kg2 Rh7 14. Rh1 Rxh1 15. Qxh1 e6 16. Nc3 Ng4 17. Qh3 Nge5 18. Qh7 Qf6 19. f4 O-O-O 20. Qh4 Qxh4 21. gxh4 Nc4 22. f5 Bf6 23. fxe6 fxe6 24. Bg5 Bxg5 25. hxg5 Rh8 26. Kf3 N6e5+ 27. Ke2 Rh2+ 28. Kf1 Ne3+ 0-1

[Event "69th RUS-ch Women Superfinal 2019"]
[Site "Izhevsk"]
[Date "2019.08.20"]
[Round "9.4"]
[White "Tomilova, Elena"]
[Black "Charochkina, Daria"]
[Result "0-1"]
[ECO "A04"]
[WhiteElo "2281"]
[BlackElo "2338"]
[Annotator "NA"]
[PlyCount "64"]
[EventDate "2019.08.10"]
[EventType "tourn"]
[EventCountry "RUS"]
[SourceTitle "playchess.com"]
[Source "ChessBase"]
[SourceQuality "1"]
[TimeControl "40/5400+30:1800+30"]

1. Nf3 d6 2. g3 e5 3. d3 f5 4. Bg2 Nf6 5. c4 Be7 6. Nc3 O-O 7. O-O Qe8 8. e3 c6 9. b4 Kh8 10. Rb1 a6 11. a4 Be6 12. Ng5 Bg8 $1 13. f4 h6 14. Nf3 Nbd7 15. fxe5 dxe5 16. Nh4 $1 e4 17. Rxf5 $17 (17. Bb2 $11) 17... exd3 18. Qxd3 Bh7 19. Bh3 Rd8 20. Qe2 g5 21. Ng2 g4 22. e4 Bxf5 23. exf5 Bxb4 24. Rxb4 Qxe2 25. Nxe2 Ne5 26. Ne3 Nd3 27. Rxb7 gxh3 28. Ba3 Rb8 29. Ra7 Rb1+ 30. Nf1 Ne4 31. g4 Nd2 32. Neg3 Nf3+ 0-1

[Event "69th RUS-ch Women Superfinal 2019"]
[Site "Izhevsk"]
[Date "2019.08.20"]
[Round "9.5"]
[White "Goryachkina, Aleksandra"]
[Black "Girya, Olga"]
[Result "1-0"]
[ECO "B18"]
[WhiteElo "2564"]
[BlackElo "2457"]
[Annotator "ChessBase"]
[PlyCount "91"]
[EventDate "2019.08.10"]
[EventType "tourn"]
[EventCountry "RUS"]
[SourceTitle "playchess.com"]
[Source "ChessBase"]
[SourceQuality "1"]
[TimeControl "40/5400+30:1800+30"]

1. e4 c6 2. d4 d5 3. Nc3 dxe4 4. Nxe4 Bf5 5. Ng3 Bg6 6. h4 h6 7. Nf3 e6 8. Ne5 Bh7 9. Bd3 Bxd3 10. Qxd3 Nd7 11. Bf4 Nxe5 12. Bxe5 Qa5+ 13. c3 Nf6 14. O-O Ng4 15. Rad1 Nxe5 16. dxe5 Rd8 17. Qxd8+ Qxd8 18. Rxd8+ Kxd8 19. Rd1+ Kc7 20. h5 Be7 21. Kf1 Rd8 22. Rxd8 Kxd8 23. Ke2 f6 24. Nf1 Kd7 25. exf6 gxf6 26. g4 f5 27. Ne3 fxg4 28. Nxg4 Bf8 29. Kd3 b5 30. Ke4 a5 31. f4 a4 32. f5 exf5+ 33. Kxf5 a3 34. b3 Kd6 35. Kg6 Kd5 36. Nxh6 b4 37. c4+ Kd4 38. Nf5+ Kc3 39. Kf7 Bc5 40. h6 Kb2 41. h7 Kxa2 42. h8=Q Kxb3 43. Nd4+ Bxd4 44. Qxd4 Ka2 45. Qd2+ Kb3 46. Qc1 1-0

[Event "69th RUS-ch Women Superfinal 2019"]
[Site "Izhevsk"]
[Date "2019.08.20"]
[Round "9.6"]
[White "Bodnaruk, Anastasia"]
[Black "Potapova, Margarita"]
[Result "0-1"]
[ECO "B90"]
[WhiteElo "2440"]
[BlackElo "2292"]
[Annotator "NA"]
[PlyCount "154"]
[EventDate "2019.08.10"]
[EventType "tourn"]
[EventCountry "RUS"]
[SourceTitle "playchess.com"]
[Source "ChessBase"]
[SourceQuality "1"]
[TimeControl "40/5400+30:1800+30"]

1. e4 c5 2. Nf3 d6 3. d4 cxd4 4. Nxd4 Nf6 5. Nc3 a6 6. Bc4 e6 7. Bb3 Be7 8. O-O b5 9. Qf3 Qc7 10. Qg3 O-O 11. Bh6 Ne8 12. Rad1 Bd7 13. f4 Nc6 14. Nxc6 Bxc6 15. f5 Kh8 $11 16. f6 gxh6 17. fxe7 Qxe7 18. Qe3 Rg8 19. Rf2 Rg7 20. Rdf1 Qa7 21. Qxh6 b4 22. Ne2 Bxe4 23. Ng3 Bg6 24. Kh1 d5 25. Qf4 a5 26. c4 bxc3 27. bxc3 Qc7 28. Qd4 Nd6 29. Bc2 Kg8 30. a4 Rc8 31. Bxg6 hxg6 32. Rf3 Rh7 33. h3 Qe7 34. Rf6 Ne8 35. R6f3 Nd6 36. Rf6 Rc4 37. Qe5 Rxa4 38. Rb1 Qf8 39. Rbf1 Qe7 40. Rb1 Qf8 41. Rbf1 Qd8 42. Rb1 Rc4 43. Qg5 Rg7 44. Qe5 Rc8 45. h4 Ne8 46. Rf4 Qc7 47. Qg5 Qxc3 48. Rb7 a4 49. Rxa4 Qc1+ 50. Qxc1 Rxc1+ 51. Kh2 Rc8 52. Rb6 Rh7 53. Nf1 g5 54. g3 gxh4 55. gxh4 Nf6 56. Rf4 Ne4 57. Ne3 Ra8 58. Rb3 Kf8 59. Kh3 Ra1 60. Nf1 Nd6 61. Ng3 Ke7 62. Rc3 Kd7 63. h5 Ra8 64. Rb4 f5 65. Rcb3 Rah8 66. Kh4 e5 67. Ra3 f4 68. Ra7+ Ke6 69. Rxh7 Rxh7 70. Nf1 Nf5+ 71. Kg4 Rg7+ 72. Kf3 Nd4+ 73. Kf2 Kf5 74. Rb6 e4 75. h6 Rh7 76. Rd6 Ke5 77. Rg6 e3+ {[%emt 0:00:48] Kf3} 0-1

[Event "69th RUS-ch Women Superfinal 2019"]
[Site "Izhevsk"]
[Date "2019.08.21"]
[Round "10.1"]
[White "Kashlinskaya, Alina"]
[Black "Potapova, Margarita"]
[Result "0-1"]
[ECO "A45"]
[WhiteElo "2492"]
[BlackElo "2292"]
[Annotator "ChessBase"]
[PlyCount "84"]
[EventDate "2019.08.10"]
[EventType "tourn"]
[EventCountry "RUS"]
[SourceTitle "playchess.com"]
[Source "ChessBase"]
[SourceQuality "1"]
[TimeControl "40/5400+30:1800+30"]

1. d4 Nf6 2. Bg5 Ne4 3. Bf4 c5 4. f3 Qa5+ 5. c3 Nf6 6. d5 e6 7. e4 exd5 8. exd5 d6 9. Na3 Be7 10. Nc4 Qd8 11. g4 O-O 12. Qd2 Re8 13. O-O-O b5 14. Ne3 Qa5 15. Kb1 Nbd7 16. Nf5 Ne5 17. Nxe7+ Rxe7 18. Bg5 Ned7 19. Qc2 Bb7 20. c4 h6 21. Bd2 Qb6 22. h4 bxc4 23. g5 Nxd5 24. gxh6 Ne5 25. Bxc4 Nb4 26. Bxb4 Qxb4 27. Bd3 gxh6 28. Rh2 Kh8 29. Bf5 Nc4 30. Qc1 Ne3 31. Rxd6 Qf4 32. Qc3+ Kg8 33. Rhd2 Qxf5+ 34. Kc1 Qe5 35. Qd3 Nf5 36. Rd7 Rxd7 37. Qxd7 Rb8 38. Rg2+ Ng7 39. Qd2 Qf6 40. Ne2 Rd8 41. Qe3 Qxf3 42. Qe7 Qf1+ 0-1

[Event "69th RUS-ch Women Superfinal 2019"]
[Site "Izhevsk"]
[Date "2019.08.21"]
[Round "10.2"]
[White "Girya, Olga"]
[Black "Bodnaruk, Anastasia"]
[Result "1/2-1/2"]
[ECO "E81"]
[WhiteElo "2457"]
[BlackElo "2440"]
[Annotator "ChessBase"]
[PlyCount "90"]
[EventDate "2019.08.10"]
[EventType "tourn"]
[EventCountry "RUS"]
[SourceTitle "playchess.com"]
[Source "ChessBase"]
[SourceQuality "1"]
[TimeControl "40/5400+30:1800+30"]

1. d4 Nf6 2. c4 g6 3. Nc3 Bg7 4. e4 d6 5. f3 O-O 6. Be3 c5 7. Nge2 Nc6 8. d5 Na5 9. b3 a6 10. Rc1 Rb8 11. Ng3 e6 12. dxe6 Bxe6 13. Be2 Nc6 14. O-O h5 15. Bg5 Qa5 16. Bd2 Qd8 17. Bg5 Qa5 18. Bd2 Qd8 19. Re1 h4 20. Nf1 Nh5 21. Be3 Bd4 22. Qd2 Qf6 23. Kh1 Be5 24. Bg5 Qh8 25. h3 f6 26. Be3 g5 27. Nd5 Qh6 28. Nh2 Nd4 29. Kg1 Nf4 30. Bd1 b5 31. Ng4 Bxg4 32. fxg4 Nfe6 33. Rf1 b4 34. Bc2 Rb7 35. Rf2 Kh8 36. Rcf1 Kg8 37. Kh1 Rbf7 38. Rd1 Rb8 39. Rdf1 Rbb7 40. Bd1 Qf8 41. Qc1 a5 42. Qd2 Qd8 43. Qc1 Qf8 44. Qd2 Qd8 45. Qc1 Qf8 1/2-1/2

[Event "69th RUS-ch Women Superfinal 2019"]
[Site "Izhevsk"]
[Date "2019.08.21"]
[Round "10.3"]
[White "Charochkina, Daria"]
[Black "Goryachkina, Aleksandra"]
[Result "1/2-1/2"]
[ECO "A01"]
[WhiteElo "2338"]
[BlackElo "2564"]
[Annotator "ChessBase"]
[PlyCount "153"]
[EventDate "2019.08.10"]
[EventType "tourn"]
[EventCountry "RUS"]
[SourceTitle "playchess.com"]
[Source "ChessBase"]
[SourceQuality "1"]
[TimeControl "40/5400+30:1800+30"]

1. b3 d5 2. Bb2 c6 3. Nf3 Bf5 4. g3 e6 5. Bg2 Nf6 6. O-O h6 7. d3 Be7 8. Nbd2 O-O 9. e3 a5 10. a4 Bh7 11. Qe2 Na6 12. Ne5 Nb4 13. Rac1 Rc8 14. f4 Ne8 15. Bh3 Nd6 16. Kh1 b5 17. g4 bxa4 18. bxa4 c5 19. g5 hxg5 20. fxg5 Bxg5 21. Qh5 d4 22. Bxe6 fxe6 23. Rxf8+ Qxf8 24. Qxg5 Nf7 25. Qg3 Nxe5 26. Qxe5 Qf6 27. exd4 cxd4 28. Qxa5 Nd5 29. Rf1 Bf5 30. Qa7 Nc3 31. Bxc3 dxc3 32. Nf3 Bg4 33. Qe3 Rf8 34. Kg2 Qf5 35. Kg3 Bh5 36. Qe4 Qf6 37. h4 Bg6 38. Qe3 Qf7 39. Rf2 Bf5 40. Ne5 Qc7 41. Rf4 Qb7 42. Kh2 Qb1 43. Rf2 Ra8 44. Rg2 Qb7 45. Qd4 Qc7 46. Rg3 Rd8 47. Qe3 Rd5 48. Nc4 Kh7 49. a5 Rb5 50. Kg2 Rb2 51. Qe2 Qf4 52. Ne3 Ra2 53. Nxf5 exf5 54. Qh5+ Qh6 55. Qxf5+ Kh8 56. Qc8+ Kh7 57. Qxc3 Ra4 58. d4 Qd6 59. Qd3+ Kh8 60. Re3 g6 61. Qe4 Kh7 62. h5 Rxd4 63. hxg6+ Qxg6+ 64. Qxg6+ Kxg6 65. Ra3 Rd7 66. a6 Ra7 67. Kf3 Kf5 68. Ra5+ Ke6 69. Ke4 Kd6 70. Kd4 Kc6 71. Kc4 Kb6 72. Kb4 Kc7 73. Kb5 Kb8 74. Kb6 Rb7+ 75. Kc5 Rc7+ 76. Kb6 Rb7+ 77. axb7 1/2-1/2

[Event "69th RUS-ch Women Superfinal 2019"]
[Site "Izhevsk"]
[Date "2019.08.21"]
[Round "10.4"]
[White "Shuvalova, Polina"]
[Black "Tomilova, Elena"]
[Result "1/2-1/2"]
[ECO "C54"]
[WhiteElo "2418"]
[BlackElo "2281"]
[Annotator "NA"]
[PlyCount "100"]
[EventDate "2019.08.10"]
[EventType "tourn"]
[EventCountry "RUS"]
[SourceTitle "playchess.com"]
[Source "ChessBase"]
[SourceQuality "1"]
[TimeControl "40/5400+30:1800+30"]

1. e4 e5 2. Nf3 Nc6 3. Bc4 Bc5 4. c3 Nf6 5. d3 d6 6. O-O O-O 7. Nbd2 a6 8. Bb3 Ba7 9. Re1 Ne7 10. Nf1 {[%emt 0:01:36] C54: Giuoco Piano: 4 c3 Nf6, main lines with 5 d4 and 5 d3} Ng6 11. Be3 c6 $146 ({Predecessor:} 11... Be6 12. Ng3 Bxe3 13. fxe3 c5 14. Bxe6 fxe6 15. d4 Qe7 16. Qb3 {0-1 (35) Das,A (2393)-Koneru,H (2603) Mumbai 2008}) 12. Bxa7 Rxa7 13. d4 Ra8 14. h3 Qc7 15. Qd2 Bd7 16. Rad1 Rad8 17. Ng3 h6 18. Qe3 Rfe8 19. dxe5 dxe5 20. Rd2 $11 Be6 21. Rxd8 Qxd8 22. Rd1 Qa5 23. Bxe6 Rxe6 24. Qa7 Qc7 25. b4 Re8 26. a4 Nd7 27. Qe3 c5 28. Nf5 cxb4 29. cxb4 Nf4 30. g3 Ne6 31. Kg2 Nf6 32. Rc1 Qb8 33. a5 Nd4 34. N3xd4 exd4 35. Qxd4 Rxe4 36. Qc3 Kh7 37. Qd3 g6 38. Nd6 Qd8 39. Qb3 Re7 40. Rd1 Qc7 41. Qf3 Kg7 42. Rd4 Rd7 43. Qd1 Qc6+ 44. Kh2 Re7 45. Rc4 Qd7 46. Rd4 Qc6 47. Rc4 Qd7 48. Qd2 Qe6 49. Rh4 h5 50. Rd4 Rd7 1/2-1/2

[Event "69th RUS-ch Women Superfinal 2019"]
[Site "Izhevsk"]
[Date "2019.08.21"]
[Round "10.5"]
[White "Kosteniuk, Alexandra"]
[Black "Shafigullina, Zarina"]
[Result "1-0"]
[ECO "B30"]
[WhiteElo "2517"]
[BlackElo "2246"]
[Annotator "ChessBase"]
[PlyCount "87"]
[EventDate "2019.08.10"]
[EventType "tourn"]
[EventCountry "RUS"]
[SourceTitle "playchess.com"]
[Source "ChessBase"]
[SourceQuality "1"]
[TimeControl "40/5400+30:1800+30"]

1. e4 c5 2. Nf3 Nc6 3. c3 d5 4. exd5 Qxd5 5. d4 Bg4 6. Be2 e6 7. h3 Bh5 8. c4 Qd6 9. d5 Bxf3 10. Bxf3 Nd4 11. O-O O-O-O 12. Nc3 f5 13. dxe6 Qxe6 14. Bd5 Qf6 15. Be3 Ne7 16. Qd2 h6 17. b4 Nec6 18. bxc5 Bxc5 19. Rab1 Rhe8 20. Rfd1 b6 21. a4 g5 22. a5 f4 23. Bxd4 Nxd4 24. axb6 axb6 25. Qa2 Re5 26. Ne4 Rxe4 27. Bxe4 Kd7 28. Re1 Ke7 29. Bd5+ Kf8 30. Rbd1 h5 31. Qa7 g4 32. Qh7 Qg7 33. Qxg7+ Kxg7 34. hxg4 hxg4 35. Re4 Nf5 36. Rxf4 Nh6 37. Kf1 Rh8 38. Be6 Kg6 39. Bxg4 Nxg4 40. Rxg4+ Kf5 41. f3 Ra8 42. Rd5+ Kf6 43. Ke2 Ra2+ 44. Rd2 1-0